 Dungeon Crawl Stone Soup version 0.25-a0-86-ga6f17ae7d4 (webtiles) character file.

Game seed: 8188961211823721866, levelgen mode: deterministic

136 D1HalberdGnoll the Poker (level 5, 0/41 HPs)
             Began as a Merfolk Skald on Nov 9, 2019.
             Slain by an orc
             ... wielding a +0 whip
              (2 damage)
             ... on level 3 of the Dungeon.
             The game lasted 00:03:13 (2953 turns).

D1HalberdGnoll the Poker (Merfolk Skald)            Turns: 2953, Time: 00:03:14

Health: 0/41       AC:  5    Str: 12    XL:     5   Next: 19%
Magic:  5/8        EV: 12    Int: 13    God:
Gold:   107        SH:  0    Dex: 11    Spells: 7/8 levels left

rFire    . . .     SeeInvis .   a - +0 spear
rCold    . . .     Gourm    .   (no shield)
rNeg     . . .     Faith    .   k - +0 ring mail
rPois    .         Spirit   .   (helmet restricted)
rElec    .         Reflect  .   (no cloak)
rCorr    .         Harm     .   (no gloves)
MR       .....                  (no boots)
Stlth    ++........             (no amulet)
HPRegen  0.13/turn              (no ring)
MPRegen  0.11/turn              (no ring)

@: slowed, very slow
A: change form in water, swift swim, stealthy swim, beak, camouflage 1, clumsy 1
a: no special abilities


You were on level 3 of the Dungeon.
You were hungry.

You visited 1 branch of the dungeon, and saw 3 of its levels.

You collected 107 gold pieces.

Inventory:

Hand Weapons
 a - a +0 spear (weapon)
Missiles
 i - 8 poisoned darts (quivered)
Armour
 k - a +0 ring mail (worn)
Jewellery
 j - an uncursed ring of fire {unknown}
Scrolls
 c - 6 scrolls of teleportation {unknown}
 f - 2 scrolls of remove curse {unknown}
 h - 2 scrolls of enchant armour {unknown}
 l - a scroll of noise {unknown}
Potions
 b - a potion of agility {unknown}
 e - a potion of curing {unknown}
 m - a potion of haste {unknown}
Comestibles
 d - 5 rations


   Skills:
 + Level 3.3 Fighting
 * Level 5.8 Polearms
 - Level 0.6 Armour
 + Level 4.1 Dodging
 - Level 2.0 Spellcasting
 - Level 3.2 Charms


You had 7 spell levels left.
You knew the following spells:

 Your Spells              Type           Power        Failure   Level  Hunger
a - Infusion              Chrm           #...         16%         1    ##.....

Your spell library contained the following spells:

 Spells                   Type           Power        Failure   Level  Hunger
 Song of Slaying          Chrm           #.......     22%         2    ###....
 Shroud of Golubria       Chrm/Tloc      #.....       41%         2    ###....
 Regeneration             Chrm/Necr      #.........   65%         3    ####...
 Spectral Weapon          Hex/Chrm       #.......     65%         3    ####...


Dungeon Overview and Level Annotations

Branches:
Dungeon (3/15)

Altars:


Innate Abilities, Weirdness & Mutations

You revert to your normal form in water.
You are very nimble and swift while swimming.
You are very stealthy in the water. (Stealth+)
You have a beak for a mouth.
Your skin changes colour to match your surroundings (Stealth+).
You are clumsy. (Dex -2)


Message History

The orc wizard closely misses you.
The orc wizard hits you with a +0 dagger.
* * * LOW HITPOINT WARNING * * *
The orc hits you with a +0 whip.
* * * LOW HITPOINT WARNING * * *
The orc wizard points at you and mumbles some strange words.
The magic dart hits you!
* * * LOW HITPOINT WARNING * * *
The orc wizard hits you with a +0 dagger.
* * * LOW HITPOINT WARNING * * *
Okay, then.
It was a potion of mutation.
You feel extremely strange.
You feel clumsy.
Your mouth lengthens and hardens into a beak!
Your skin functions as natural camouflage.
The orc wizard hits you with a +0 dagger.
* * * LOW HITPOINT WARNING * * *
The orc wizard mumbles some strange words.
The orc wizard blinks!
The orc hits you with a +0 whip.
You die...

#.# #.##.. ##o#
#####.###. #o.#
#.....#### #.##
####.######.. #o#
##....###..... ##.#
#..#####..##.#
#(.###.######.###.#
#ยง##...<......##..#
#o@oo########....##
#....###...#...###
#.(####.........###
###.##
#.............
#....#
#...........##
#....# #...........#
#....# ##.........##
#(...# ##..>#...##
#...<# #########


You could see 2 orc wizards and an orc.

Vanquished Creatures
  Terence (D:3)
  2 adders
  An ooze (D:2)
  5 worms
  2 dart slugs
  3 leopard geckos
  2 orcs (D:3)
  2 ball pythons
  7 bats
  3 giant cockroaches
  5 goblins
  8 hobgoblins
  4 jackals (D:3)
  A quokka (D:3)
  4 frilled lizards
  13 kobolds
  6 rats
69 creatures vanquished.

Notes
Turn   | Place    | Note
-------+----------+-------------------------------------------
     0 | D:1      | D1HalberdGnoll the Merfolk Skald began the quest for the
                  | Orb.
     0 | D:1      | Reached XP level 1. HP: 16/16 MP: 3/3
   192 | D:1      | Reached XP level 2. HP: 23/23 MP: 5/5
   378 | D:1      | Reached skill level 4 in Polearms
   432 | D:1      | You fall into a shaft and drop 1 floor!
   453 | D:2      | Reached XP level 3. HP: 28/28 MP: 6/6
  1386 | D:2      | Reached XP level 4. HP: 27/35 MP: 2/7
  1798 | D:2      | Reached skill level 5 in Polearms
  2592 | D:3      | Noticed Terence
  2641 | D:3      | Killed Terence
  2641 | D:3      | Reached XP level 5. HP: 17/41 MP: 1/8
  2953 | D:3      | Gained mutation: You are clumsy. (Dex -2) [potion of
                  | mutation]
  2953 | D:3      | Gained mutation: You have a beak for a mouth. [potion of
                  | mutation]
  2953 | D:3      | Gained mutation: Your skin changes colour to match your
                  | surroundings (Stealth+). [potion of mutation]
  2953 | D:3      | HP: 2/41 [orc wizard/+0 dagger (2)]
  2953 | D:3      | Slain by an orc

Levels and vault maps discovered:
D:1:      eino_arrival_tree_alley, layout_loops_ring, minivault_4,
          minmay_stone_trees_small
D:2:      kennysheep_big_flooded_room, layout_basic
D:3:      cheibrodos_thug_alley, layout_rooms, nrook_mini_backslash,
          grunt_decor_arrowhead, uniq_crazy_yiuf_cottage, uniq_terence

Skill      XL: |  1  2  3  4 |
---------------+-------------+-----
Dodging        | 3 4 |  4.1
Polearms       | 4 5 |  5.8
Fighting       | 3 |  3.3
Armour         | |  0.6
Spellcasting   | |  2.0
Charms         | |  3.2

Action                   |  1- 3 |  4- 6 || total
-------------------------+-------+-------++-------
Melee: Spear             |   148 |   168 ||   316
       Tailslap          |     4 |     2 ||     6
Throw: Dart              |       |     9 ||     9
 Cast: Infusion          |     2 |     9 ||    11
  Use: Potion            |       |     1 ||     1
 Stab: Sleeping          |     4 |       ||     4
  Eat: Chunk             |     2 |     4 ||     6
Armor: Leather armour    |    17 |       ||    17
       Ring mail         |     6 |    50 ||    56
Dodge: Dodged            |    59 |   112 ||   171

Table legend:
 A = Non-vault XP
 B = Vault XP
 C = Vault XP percentage of total XP
 D = Non-vault monster count
 E = Vault monster count
 F = Vault count percentage of total count
                 A         B        C        D         E       F
            +---------+---------+-------+---------+---------+-------
      Total |     149 |      46 |  23.6 |      57 |      12 |  17.4
            +---------+---------+-------+---------+---------+-------
        D:1 |      37 |       0 |   0.0 |      21 |       0 |   0.0
        D:2 |      60 |       3 |   4.8 |      18 |       2 |  10.0
        D:3 |      52 |      43 |  45.3 |      18 |      10 |  35.7
            +---------+---------+-------+---------+---------+-------
